 Dungeon Crawl Stone Soup version 0.16.1-14-g82efdee (webtiles) character file.

290 jacksonaction the Covered (level 6, -6/55 HPs)
             Began as a Deep Dwarf Fighter on Apr 14, 2015.
             Mangled by an orc warrior
             ... wielding a +0 battleaxe
              (19 damage)
             ... on level 4 of the Dungeon.
             The game lasted 00:08:53 (1626 turns).

jacksonaction the Covered (Deep Dwarf Fighter)      Turns: 1626, Time: 00:08:53

Health: -6/55      AC:  9    Str: 21    XL:     6   Next: 9%
Magic:  6/6        EV:  9    Int:  9    God:
Gold:   109        SH: 10    Dex: 12    Spells: 0 memorised, 5 levels left

rFire  . . .     SeeInvis .     a - +0 war axe
rCold  . . .     Clarity  .     b - +0 scale mail
rNeg   . . .     SustAb   .     c - +0 shield
rPois  .         Gourm    .     (no helmet)
rElec  .         Spirit   .     q - +0 cloak (curse)
rCorr  .         Warding  .     i - +0 pair of gloves
rMut   .         Stasis   .     (no boots)
MR     .....                    (no amulet)
Stlth  ..........               (no ring)
                                (no ring)

@: non-regenerating, not resistant to hostile enchantments, extremely unstealthy
A: damage resistance, recharge devices, sense surroundings 1, slow healing 3
a: Device Recharging


You were on level 4 of the Dungeon.
You were very hungry.

You visited 1 branch of the dungeon, and saw 3 of its levels.

You collected 109 gold pieces.

Inventory:

Hand weapons
 a - a +0 war axe (weapon)
Missiles
 j - 10 stones
 k - 8 tomahawks (quivered)
Armour
 b - a +0 scale mail (worn)
 c - a +0 shield (worn)
 i - a +0 pair of gloves (worn)
 p - a cursed +0 cloak
 q - a cursed +0 cloak (worn)
Jewellery
 m - a +4 ring of dexterity {unknown}
Magical devices
 d - a wand of heal wounds (3)
 n - a wand of draining (6)
Scrolls
 h - a scroll of noise {unknown}
 l - a scroll of identify {unknown}
 o - a scroll of recharging {unknown}
 r - a scroll of magic mapping {unknown}
 s - a scroll of amnesia {unknown}
Potions
 e - a potion of might
 g - a potion of haste {unknown}
Comestibles
 f - 2 bread rations


   Skills:
 - Level 2.6 Fighting
 + Level 3.7 Axes
 - Level 5.0 Armour
 + Level 2.9 Dodging
 + Level 4.5 Shields
 + Level 0.4 Evocations


You had 5 spell levels left.
You didn't know any spells.

Dungeon Overview and Level Annotations

Branches:
Dungeon (4/15)
 Temple: D:4-7

Altars:

Shops:
D:4 (


Innate Abilities, Weirdness & Mutations

You are resistant to damage.
You can recharge devices by infusing magical energy.
You passively map a small area around you.
You do not heal naturally.


Message History

There is an open door here.
k - 8 tomahawks (gained 1)
There is an open door here.
You open the door.
There is an open door here.
There is an open door here. 3 orcs and an orc warrior come into view.
The orc shouts! x3
An orc wizard comes into view. It is wielding a dagger.
You barely miss the orc. You block the orc's attack.
You closely miss the orc. You block the orc's attack.
The orc hits you but does no damage.
You hit the orc.
The orc is moderately wounded.
You closely miss the orc warrior. You block the orc warrior's attack.
You barely miss the orc warrior.
The orc warrior hits you but does no damage.
You hit the orc warrior but do no damage.
The orc warrior hits you with a battleaxe!!
You die...

.........#.# #...........#
...##'##.#.###############
...##..#........... ,
...###.#.#.#############
...# #.#.#.##..........#,
...# #...#....########.# *
...# ##..###..########.#
...# #.># #..##.......#,
...# #### #..##@#######
...# #..##o# * ...#
#..##oo.o.ooo. ...#
#..########## #### #..#
#..# #..#
#..################
#.................#


You could see an orc warrior and 2 orcs.

Vanquished Creatures
  The ghost of Ljcope the Conjurer, an average DECj (D:4)
  A hound (D:4)
  Crazy Yiuf (D:4)
  An iguana (D:4)
  2 worker ants (D:4)
  A giant mite (D:1)
  A giant gecko (D:4)
  6 bats
  A bat skeleton (D:4)
  3 giant cockroaches
  7 goblins
  4 hobgoblins
  A ball python (D:1)
  A giant newt (D:2)
  2 jackals (D:1)
  6 kobolds
  A quokka skeleton (D:4)
  5 rats (D:1)
45 creatures vanquished.

Notes
Turn   | Place    | Note
--------------------------------------------------------------
     0 | D:1      | jacksonaction, the Deep Dwarf Fighter, began the quest for the Orb.
     0 | D:1      | Reached XP level 1. HP: 20/20 MP: 1/1
   148 | D:1      | Reached XP level 2. HP: 21/27 MP: 2/2
   434 | D:1      | Reached skill level 4 in Armour
   453 | D:1      | Reached XP level 3. HP: 25/33 MP: 3/3
   637 | D:2      | You fall through a shaft for 2 floors!
   688 | D:4      | Reached skill level 1 in Dodging
   705 | D:4      | Reached XP level 4. HP: 20/40 MP: 4/4
   897 | D:4      | Noticed Crazy Yiuf
   915 | D:4      | Killed Crazy Yiuf
   915 | D:4      | Reached XP level 5. HP: 17/46 MP: 5/5
   983 | D:4      | Noticed Ljcope's ghost (average DECj)
  1005 | D:4      | Killed Ljcope's ghost
  1005 | D:4      | Reached skill level 5 in Armour
  1273 | D:4      | Reached XP level 6. HP: 13/55 MP: 6/6
  1394 | D:4      | Found Woer's Weapon Shop.
  1618 | D:4      | Noticed an orc warrior
  1626 | D:4      | Mangled by an orc warrior

Action                   |  1- 3 |  4- 6 || total
-------------------------+-------+-------++-------
Melee: War axe           |   101 |    58 ||   159
Throw: Stone             |     1 |       ||     1
       Tomahawk          |     1 |    16 ||    17
Evoke: Wand              |       |     2 ||     2
  Eat: Chunk             |       |     2 ||     2
